 Dungeon Crawl Stone Soup version 0.29.1-4-g47bece8355 (webtiles) character file.

Game seed: 13747268500857519021

42 KittyFluff the Trooper (level 3, -1/24 HPs)
             Began as a Gargoyle Berserker on Dec 6, 2022.
             Was a Believer of Trog.
             Slain by a phantom (6 damage)
             ... on level 2 of the Dungeon.
             The game lasted 00:06:31 (1710 turns).

KittyFluff the Trooper (Gargoyle Berserker)         Turns: 1710, Time: 00:06:32

Health: -1/24      AC:  6    Str: 20    XL:     3   Next: 56%
Magic:  3/3        EV: 12    Int:  7    God:    Trog [**....]
Gold:   53         SH:  0    Dex: 11    Spells: 2/2 levels left

rFire   . . .      SeeInvis .   a - +0 mace
rCold   . . .      Faith    .   (no shield)
rNeg    + . .      Spirit   .   b - +0 animal skin
rPois   ∞          Reflect  .   q - +0 helmet
rElec   +          Harm     .   (no cloak)
rCorr   .          Rampage  .   (no gloves)
Will    .....                   (no boots)
Stlth   +.........              (no amulet)
HPRegen 0.08/turn               k - ring of flight
MPRegen 0.08/turn               (no ring)

@: flying
A: sickness immunity, AC +3, negative energy resistance 1, electricity
resistance, torment resistance 1, petrification resistance
a: Renounce Religion, Berserk, Trog's Hand


You were on level 2 of the Dungeon.
You worshipped Trog.
Trog was pleased with you.
You visited 1 branch of the dungeon, and saw 2 of its levels.

You collected 53 gold pieces.

Inventory:

Hand Weapons
 a - a +0 mace (weapon)
 h - a +0 sling
 i - a +0 quarterstaff
Missiles
 e - 2 silver boomerangs (quivered)
 l - 7 stones
Armour
 b - a +0 animal skin (worn)
 q - a +0 helmet (worn)
Jewellery
 k - a ring of flight (left hand)
Scrolls
 c - a scroll of noise {unknown}
 g - a scroll of magic mapping {unknown}
 n - 2 scrolls of identify {unknown}
 r - a scroll of fear {unknown}
 s - a scroll of amnesia {unknown}
Potions
 d - a potion of brilliance {unknown}
 f - a potion of might {unknown}
 j - a potion of ambrosia {unknown}
 m - a potion of resistance {unknown}
 o - a potion of heal wounds {unknown}
 p - a potion of cancellation {unknown}


   Skills:
 * Level 4.1 Fighting
 + Level 3.3(3.4) Maces & Flails
 + Level 0.1(2.0) Staves
 * Level 2.8 Armour
 + Level 1.6 Dodging
 + Level 0.3 Stealth


You had 2 spell levels left.
You didn't know any spells.
Your spell library was empty.

Dungeon Overview and Level Annotations

Branches:
Dungeon (2/15)

Altars:


Innate Abilities, Weirdness & Mutations

You are immune to sickness and miasma.
Your stone body is resilient. (AC +3)
You are immune to poison.
You resist negative energy. (rN+)
You are resistant to electric shocks. (rElec)
You are resistant to unholy torment.
You are immune to petrification.


Message History

The endoplasm hits you but does no damage.
The phantom hits you but does no damage.
The phantom misses you. The endoplasm barely misses you.
You hit the phantom but do no damage.
The phantom hits you but does no damage.
The endoplasm freezes you.
You are frozen.
You hit the phantom.
The phantom is lightly damaged.
The endoplasm freezes you.
You are frozen.
The phantom completely misses you.
You closely miss the phantom.
The phantom is lightly damaged.
The endoplasm barely misses you. The phantom closely misses you.
You completely miss the phantom.
The phantom is lightly damaged.
The endoplasm hits you but does no damage.
The phantom barely misses you. The phantom misses you.
The endoplasm hits you but does no damage.
You sock the phantom!
The phantom is heavily damaged.
The endoplasm freezes you.
You are frozen.
The phantom misses you.
You barely miss the phantom.
The phantom is heavily damaged.
The phantom barely misses you. The endoplasm freezes you.
You are frozen.
You barely miss the phantom.
The phantom is heavily damaged.
The endoplasm hits you but does no damage.
The phantom hits you.
* * * LOW HITPOINT WARNING * * *
The phantom blinks!
You blink.
You closely miss the phantom.
The phantom is heavily damaged.
The phantom hits you.
* * * LOW HITPOINT WARNING * * *
The phantom hits you.
You die...

...#...###<# #...#
#.......
..###......#
#####...####.#^....
.#.#.#†#####
#............#.....
....##.#
#.###..###.#.##.#..
.#####.# ##.#
#..###.# #....
.#####.#
.....#..... ....#
.......# #.#.....#
######## #.###.J##.
#W@..§........
######.######. #.#
#.# ... ... ...


You could see a phantom and an endoplasm.

Vanquished Creatures
  An adder (D:2)
  A dart slug (D:1)
  An endoplasm (D:1)
  4 giant cockroaches
  2 goblins (D:1)
  5 hobgoblins
  A quokka (D:1)
  3 ball pythons
  4 bats
  3 frilled lizards (D:1)
  5 kobolds
  2 rats
32 creatures vanquished.

Notes
Turn   | Place    | Note
-------+----------+-------------------------------------------
     0 | D:1      | KittyFluff the Gargoyle Berserker began the quest for the
                  | Orb.
     0 | D:1      | Reached XP level 1. HP: 14/14 MP: 1/1
   254 | D:1      | Reached XP level 2. HP: 8/20 MP: 2/2
  1044 | D:1      | Reached skill level 4 in Fighting
  1044 | D:1      | Reached XP level 3. HP: 21/24 MP: 3/3
  1493 | D:2      | Identified the +4 short sword of Vanity {freeze, rC++}
  1523 | D:2      | Reached ** piety under Trog
  1542 | D:2      | Found a faded altar of an unknown god.
  1691 | D:2      | Noticed a phantom
  1710 | D:2      | Slain by a phantom

Illustrated notes

Levels and vault maps discovered:
D:1:      ebering_trefoil_3fold, layout_basic, nicolae_titane
D:2:      layout_loops_cross, shapermc_ecumenical_altar_starsandcircs

Skill      XL: |  1  2 |
---------------+-------+-----
Fighting       | 4 |  4.1
Maces & Flails | |  3.3
Staves         | |  0.1
Armour         | |  2.8
Dodging        | |  1.6
Stealth        | |  0.3

Action                   || total
-------------------------++-------
Melee: Mace              ||    86
       Quarterstaff      ||    21
       Punch             ||     1
 Stab: Sleeping          ||     2
Armor: Animal skin       ||    57
Dodge: Dodged            ||    71
